 Dungeon Crawl Stone Soup version 0.21-a0-380-gd65dc97 (webtiles) character file.

18 Kavrick the Sneak (level 2, -1/15 HPs)
             Began as a Kobold Enchanter on Oct 18, 2017.
             Slain by a frilled lizard (2 damage)
             ... on level 1 of the Dungeon.
             The game lasted 00:05:07 (928 turns).

Kavrick the Sneak (Kobold Enchanter)                 Turns: 928, Time: 00:05:08

Health: -1/15      AC:  2    Str:  5    XL:     2   Next: 85%
Magic:  0/5        EV: 15    Int: 16    God:
Gold:   27         SH:  0    Dex: 15    Spells: 2/5 levels left

rFire    . . .     SeeInvis .   a - +1 dagger
rCold    . . .     Gourm    .   (shield restricted)
rNeg     . . .     Faith    .   b - +0 robe
rPois    .         Spirit   .   (no helmet)
rElec    .         Reflect  .   (no cloak)
rCorr    .         Harm     .   (no gloves)
MR       .....                  (no boots)
Stlth    +++.......             (no amulet)
HPRegen  0.05/turn              (no ring)
MPRegen  0.09/turn              (no ring)

@: very slightly contaminated
A: carnivore 3
a: no special abilities


You were on level 1 of the Dungeon.
You were completely stuffed.

You visited 1 branch of the dungeon, and saw 2 of its levels.

You collected 27 gold pieces.

Inventory:

Hand Weapons
 a - a +1 dagger (weapon)
Armour
 b - a +0 robe (worn)
Jewellery
 i - an uncursed amulet of the gourmand {unknown}
 j - a cursed +1 ring of slaying {unknown}
Scrolls
 h - a scroll of random uselessness {unknown}
 l - a scroll of enchant weapon {unknown}
 n - a scroll of amnesia {unknown}
 o - a scroll of enchant armour {unknown}
Potions
 e - 2 potions of brilliance {unknown}
 f - 2 potions of heal wounds {unknown}
 g - a potion of magic {unknown}
 k - a potion of lignification {unknown}
Books
 c - a book of Maledictions

   Spells                             Type                      Level
   a - Corona                         Hexes                        1
   b - Ensorcelled Hibernation        Hexes/Ice                    2
   c - Confuse                        Hexes                        3
   d - Tukima's Dance                 Hexes                        3
   e - Dazzling Spray                 Conjuration/Hexes            3
Comestibles
 d - a meat ration


   Skills:
 + Level 2.0 Short Blades
 - Level 2.4 Dodging
 + Level 4.3 Stealth
 + Level 2.4 Spellcasting
 * Level 3.3 Hexes


You had 2 spell levels left.
You knew the following spells:

 Your Spells              Type           Power        Failure   Level  Hunger
a - Ensorcelled Hibernat  Hex/Ice        #.....       16%         2    ###....
b - Corona                Hex            ##.....      4%          1    #......


Dungeon Overview and Level Annotations

Branches:
Dungeon (2/15)

Altars:

Annotations:
D:2 Robin, Sigmund


Innate Abilities, Weirdness & Mutations

You are small and have problems with some larger weapons.
You are carnivorous and can eat meat at any time.


Message History

Casting: Ensorcelled Hibernation
Confirm with . or Enter, or press ? or * to list all spells.
You don't have enough magic to cast that spell.
You hit the hobgoblin.
You kill the hobgoblin!
The frilled lizard bites you.
* * * LOW HITPOINT WARNING * * *
You barely miss the frilled lizard. The frilled lizard bites you.
* * * LOW HITPOINT WARNING * * *
Casting: Ensorcelled Hibernation
Confirm with . or Enter, or press ? or * to list all spells.
Aiming: Ensorcelled Hibernation
Press: ? - help, Shift-Dir - straight line, f - frilled lizard
Aim: a frilled lizard (chance to defeat MR: 56%)
You miscast Ensorcelled Hibernation.
You are very lightly contaminated with residual magic.
Frost covers your body.
The frilled lizard completely misses you.
The frilled lizard bites you.
You die...

##.........#.............
#........................
#........................
#...........#..####......
##.........>....##.......
##.....).รท.............[
####.#.........#.......
#.....>)...............
#.....@l......#........
#......................
#.......#####..........
#(......# #..........
######### #..........
#.......... ##..........
#........... #...........


You could see a frilled lizard.

Vanquished Creatures
  2 bats (D:1)
  2 giant cockroaches (D:1)
  4 goblins
  3 hobgoblins (D:1)
  2 kobolds (D:1)
  A ball python (D:1)
  A rat (D:1)
15 creatures vanquished.

Notes
Turn   | Place    | Note
-------+----------+-------------------------------------------
     0 | D:1      | Kavrick the Kobold Enchanter began the quest for the Orb.
     0 | D:1      | Reached XP level 1. HP: 10/10 MP: 3/3
   386 | D:1      | Reached XP level 2. HP: 15/15 MP: 5/5
   390 | D:1      | Learned a level 2 spell: Ensorcelled Hibernation
   646 | D:2      | Noticed a centaur
   786 | D:2      | Noticed Sigmund
   788 | D:2      | Noticed Robin
   928 | D:1      | Slain by a frilled lizard

Vault maps used:
D:1:      lightli_arrival_maybe_door_vault
D:2:      lemuel_round_altar, minmay_bisected, uniq_robin, uniq_terence,
          uniq_sigmund

Skill      XL: |  1  2 |
---------------+-------+-----
Short Blades   | 2 |  2.0
Dodging        | |  2.4
Stealth        | |  4.3
Spellcasting   | |  2.4
Hexes          | |  3.3

Action                   || total
-------------------------++-------
Melee: Dagger            ||    82
 Cast: Ensorcelled Hiber ||     7
 Stab: Sleeping          ||     5
  Eat: Chunk             ||     9
Armor: Robe              ||    18
Dodge: Dodged            ||    79

Table legend:
 A = Spawn XP
 B = Non-spawn XP
 C = Spawn XP percentage of total XP
 D = Spawn monster count
 E = Non-spawn monster count
 F = Spawn count percentage of total count
 G = Total turns spent on level
                    A         B        C        D         E        F      G
               +---------+---------+-------+---------+---------+-------+---------
         Total |       0 |      26 |   0.0 |       0 |      15 |   0.0 |   928
               +---------+---------+-------+---------+---------+-------+---------
           D:1 |       0 |      24 |   0.0 |       0 |      14 |   0.0 |   876
           D:2 |       0 |       2 |   0.0 |       0 |       1 |   0.0 |    52
               +---------+---------+-------+---------+---------+-------+---------
